Unix NetHack Version 3.7.0-101 Work-in-progress - last build Apr 1 2024 13:39:02 (cf3915abb6dcc6e3362b2b16a766b7b4f6c45fc9,branch:master). Game began 2024-04-04 01:50:51, ended 2024-04-04 03:16:43. Judas, chaotic male elven Priest ---- --- ---- --..---- ---- |.----- |..-- |......-- |..| |.....| ---- -----.^.| |`......----- |..-- ---...| |..| ----.>.[.).| --..........-- ---...-- |...| --.---- --.@..-----.| ---.|........| |......-------- |.------.--..| ----- |.q---- |.| ---...|........| |........|....--|.| |.......| |...----- |..| |.| |...----.......--- ---.......|....|-.| |......-- |.......| |.%| |.| |...| |..-#.....| --.---..---..--..| |......| ---.....| |-.| ---.| |...| ----#-....| --..| ---- ---|..-- --......--- ------...| |..--- |...| |.|.| #|...-- |..---------- |.-- |....--...---.----...| --....| |...| |)|.| #|.--- --.----.--.|.---.|----....--.......[....--- |.....| --.----.|.| ##--- |..||............|.|.............%.------ --....|---|.--|..|.| # # |.---..............................-- -----....--.-|..--.--.----^--#- |.....................--............-------.^..........|-...........<--.-- |-.......---.................................|.....|...-|.......----.....| |........|--............---.....---------------..-----..#.......| --....| --.......||...|...--....| ---.--- |..| |..|-...---- ---..| |..--.-----.---.----.--- --- ---- ------.-- ---- ------- --- --- --- --- Judas the Adept St:15 Dx:14 Co:16 In:11 Wi:18 Ch:10 Chaotic S:6669 Dlvl:3 $:1561 HP:0(51) Pw:98(98) AC:-7 Xp:7/1192 T:6472 Fainted Deaf Latest messages: The rothe misses! The rothe bites! You can hear again. You hit the rothe! You faint from lack of food. The rothe hits! The rothe misses! The rothe bites! The rothe hits! The rothe misses! The rothe bites! The rothe misses! The rothe bites! The rothe bites again! The rothe misses! The rothe bites! The rothe misses! The rothe misses! The rothe misses! The rothe just misses! The rothe hits! The rothe bites! The rothe misses! The rothe misses! The rothe just misses! The rothe misses! You regain consciousness. You miss the rothe. The rothe hits! The rothe bites! The rothe bites again! You can hear again. You faint from lack of food. The rothe hits! The rothe bites! The rothe bites again! The rothe hits! The rothe misses! The rothe misses! The rothe hits! The rothe bites! The rothe bites again! The rothe hits! The rothe bites! The rothe misses! The rothe misses! The rothe misses! The rothe bites! You die... Do you want your possessions identified? [ynq] (y) q Inventory: Coins $ - 1561 gold pieces Amulets J - a blessed amulet versus poison (being worn) Weapons C - 6 poisoned +0 orcish arrows D - a poisoned corroded +0 orcish arrow l - 18 +0 darts t - a blessed +3 aklys (alternate weapon; not wielded) a - a blessed corroded +1 mace (weapon in right hand) Armor s - a blessed +2 orcish helm (being worn) H - a +0 pair of iron shoes (being worn) A - a +0 pair of water walking boots n - a +1 small shield (being worn) b - a blessed +5 robe (being worn) Y - a fireproof +0 studded leather armor (being worn) Comestibles j - an egg Scrolls M - a blessed scroll of blank paper S - a scroll of blank paper L - a scroll of confuse monster K - a scroll of fire F - a scroll of gold detection X - a scroll of identify u - a scroll of light Potions d - a potion of blindness c - a potion of booze g - a potion of gain energy G - a potion of object detection e - a potion of oil W - 2 potions of restore ability Rings E - a -2 ring of increase accuracy r - a +1 ring of increase damage (on left hand) Wands O - a wand of striking (0:3) Tools P - a magic flute (0:5) i - a blessed brass lantern k - a credit card z - a magic whistle p - a pair of lenses (being worn) q - a stethoscope N - a tinning kit (0:82) o - a +0 unicorn horn Gems/Stones y - an amethyst stone T - a fluorite stone R - 3 worthless pieces of black glass x - a worthless piece of orange glass Q - 2 worthless pieces of red glass v - 2 worthless pieces of violet glass m - 3 worthless pieces of yellow glass Judas the Priest's attributes: Background: You were an Adept, a level 7 elven Priest. You were chaotic, on a mission for Huhetotl who was opposed by Quetzalcoatl (lawful) and Camaxtli (neutral). You were right-handed. You were in the Gnomish Mines, on level 3. You entered the dungeon 6472 turns ago. It was nighttime. You had 1192 experience points, 88 more were needed to attain level 8. Your score was 6669 before end-of-game adjustments. Basics: You had 0 out of 51 hit points. You had all 98 energy points (spell power). Your armor class was -7. Your wallet contained 1561 zorkmids. Autopickup was off. Final Characteristics: Your strength was 15 (base:16, limit:18). Your dexterity was 14 (limit:18). Your constitution was 16 (limit:16). Your intelligence was 11 (limit:20). Your wisdom was 18 (limit:20). Your charisma was 10 (limit:18). Final Status: You were deaf. You were fainted due to starvation. You were unencumbered. You were wielding a mace. You were skilled in mace and could have enhanced that. Final Attributes: You were piously aligned. You were sleep resistant. You were poison resistant. You had infravision. You had a small damage bonus (+1). You were guarded. You were unlucky. Huhetotl was angry with you. You are dead. Miscellaneous: You encountered 1 bones level. Total elapsed playing time was 1 hour, 25 minutes and 52 seconds. Major events: Turn 1: Judas the chaotic elven Priest entered the dungeon 542: entered the Gnomish Mines 1036: attained the rank of Acolyte (level 3) 3318: attained the rank of Adept (level 6) 4165: reached Mine Town 5208: destroyed dedal's ghost, the former Bandit 6472: killed by a rothe, while fainted from lack of food Vanquished creatures: a ghost a large cat a giant beetle a leprechaun 3 orc-captains a giant spider a lizard a dust vortex an ape a Mordor orc 5 Uruk-hai an orc shaman 3 rock piercers a rock mole a fog cloud a yellow light 3 gnome leaders a gnomish wizard 2 gray oozes 6 giant ants a little dog a floating eye 8 dwarves a homunculus 8 hill orcs 2 rothes 2 giant bats a monkey 5 orc zombies 2 iguanas 4 acid blobs 4 coyotes a gas spore a hobbit 13 manes a hobgoblin 14 giant rats a yellow mold a red mold 25 gnomes 3 gnome zombies 6 geckos 8 jackals a fox 3 kobolds a goblin 2 sewer rats 8 grid bugs 4 bats 2 lichens a kobold zombie 2 newts 173 creatures vanquished. No species were genocided or became extinct. Voluntary challenges: You read items or engraved 20 times. You never engraved Elbereth. You never genocided any monsters. You never polymorphed an object. You never changed form. You used no wishes. Achievements: You entered the Gnomish Mines. You entered a shop. You attained the rank of Acolyte. You attained the rank of Adept. You entered Minetown. The Dungeons of Doom: levels 1 to 7 Level 1: "(" Level 2: Stairs down to The Gnomish Mines. Level 3: A scroll shop, an altar to Huhetotl, some fountains. Level 4: A general store, a sink. Level 5: Level 6: "uni" An altar to Huhetotl, some fountains. Level 7: A fountain. The Gnomish Mines: levels 3 to 7 Level 3: <- You were here. Final resting place for you, killed by a rothe, while fainted from lack of food. Level 4: Level 5: An altar, some fountains, a grave. Final resting place for dedal-Bar-Hum-Mal-Neu, killed by an orc-captain, while fainted from lack of food. Level 6: Level 7: Game over: ---------- / \ / REST \ / IN \ / PEACE \ / \ | Judas | | 1561 Au | | killed by a | | rothe | | | | | | 2024 | *| * * * | * _________)/\\_//(\/(/\)/\//\/|_)_______ Goodbye Judas the Priest... You died in The Gnomish Mines on dungeon level 3 with 6513 points, and 1561 pieces of gold, after 6472 moves. You were level 7 with a maximum of 51 hit points when you died.